 Dungeon Crawl Stone Soup version 0.30-a0-310-g7d6cbdfea6 (webtiles) character file.

Game seed: 1249304818701456526

1074 IdlyInterested the Trooper (level 8, -3/62 HPs)
             Began as a Demonspawn Wanderer on Oct 20, 2022.
             Slain by a black bear (6 damage)
             ... on level 5 of the Dungeon on Oct 24, 2022.
             The game lasted 00:16:52 (4633 turns).

IdlyInterested the Trooper (Demonspawn Wanderer)    Turns: 4633, Time: 00:16:53

Health: -3/62      AC: 10    Str: 16    XL:     8   Next: 7%
Magic:  8/8        EV: 10    Int: 13    God:
Gold:   21         SH:  0    Dex: 12    Spells: 7/7 levels left

rFire   . . .      SeeInvis +    p - +0 war axe
rCold   . . .      Faith    .    (no shield)
rNeg    + . .      Spirit   .    b - +2 scale mail
rPois   .          Reflect  .    (no helmet)
rElec   .          Harm     .    h - +0 cloak
rCorr   .          Rampage  .    (no gloves)
Will    .....                    (no boots)
Stlth   ..........               (no amulet)
HPRegen 0.30/turn                k - ring of see invisible
MPRegen 0.11/turn                f - ring of positive energy

@: no status effects
A: hooves 1, weakness stinger 1, demonic touch 2
a: no special abilities


You were on level 5 of the Dungeon.
You visited 2 branches of the dungeon, and saw 6 of its levels.

You collected 207 gold pieces.
You spent 186 gold pieces at shops.

Inventory:

Hand Weapons
 a - a +2 short sword of venom
 o - a +0 dagger of protection
 p - a +0 war axe (weapon)
 q - a +0 hammer
 v - a +0 war axe
 x - a +0 war axe
 z - a +1 dagger of speed
Missiles
 i - 6 poisoned darts
 j - 5 boomerangs (quivered)
Armour
 b - a +2 scale mail (worn)
 h - a +0 cloak (worn)
Jewellery
 f - a ring of positive energy (right hand)
 k - a ring of see invisible (left hand)
Wands
 w - a wand of roots (10)
Scrolls
 d - a scroll of butterflies
 g - 2 scrolls of teleportation
 r - 2 scrolls of enchant weapon
 s - a scroll of blinking
 y - a scroll of summoning {unknown}
Potions
 c - 3 potions of curing
 e - a potion of ambrosia
 l - a potion of haste
 m - 3 potions of heal wounds
 n - a potion of brilliance
 t - a potion of might
 u - a potion of invisibility
 A - a potion of flight


   Skills:
 + Level 5.3 Fighting
 + Level 5.2 Axes
 - Level 4.0 Armour
 - Level 2.0 Dodging
 - Level 2.0 Stealth
 - Level 4.0 Unarmed Combat
 - Level 2.0 Evocations


You had 7 spell levels left.
You didn't know any spells.
Your spell library contained the following spells:

 Spells                   Type           Power      Damage    Failure   Level
 Dazzling Flash           Conj/Hex       0%         N/A       97%         3
 Frozen Ramparts          Ice            0%         1d1       97%         3
 Cause Fear               Hex            0%         N/A       100%        4
 Ice Form                 Ice/Tmut       0%         N/A       100%        4
 Iskenderun's Mystic Bla  Conj/Tloc      0%         2d3       100%        4
 Summon Ice Beast         Ice/Summ       0%         N/A       100%        4
 Starburst                Conj/Fire      0%         6d3       100%        6
 Dragon Form              Tmut           0%         N/A       100%        7
 Dragon's Call            Summ           0%         N/A       100%        9


Dungeon Overview and Level Annotations

Branches:
Dungeon (5/15)             Temple (1/1) D:4

Altars:
Ashenzari
Dithmenos
Gozag
Hepliaklqana
Makhleb
Nemelex Xobeh
Okawaru
Qazlal
Trog
Uskayaw
Wu Jian
Xom
Yredelemnul

Shops:
D:3 ?


Innate Abilities, Weirdness & Mutations

You have large cloven feet.
You have a small tail.
Your touch may inflict irresistible damage on your foes.


Message History

The black bear claws you but does no damage. x2
The black bear bites you but does no damage.
The black bear barely misses you. The black bear misses you.
You barely miss the black bear. You kick the black bear.
The black bear is moderately wounded.
The black bear bites you but does no damage.
The black bear claws you. The black bear closely misses you.
You hit the black bear. You punch the black bear.
The black bear is moderately wounded.
The black bear bites you. The black bear claws you.
The black bear claws you but does no damage.
You completely miss the black bear. Your kick misses the black bear.
The black bear is moderately wounded.
The black bear bites you but does no damage.
The black bear claws you but does no damage.
The black bear barely misses you.
You hit the black bear.
You kick the black bear, but do no damage.
You tail-slap the black bear.
You touch the black bear.
The black bear is almost dead.
The black bear goes berserk!
The black bear bites you but does no damage.
The black bear barely misses you. The black bear misses you.
You barely miss the black bear. Your kick misses the black bear.
The black bear is almost dead.
The black bear bites you but does no damage.
The black bear claws you.
* * * LOW HITPOINT WARNING * * *
The black bear claws you.
* * * LOW HITPOINT WARNING * * *
The black bear bites you.
* * * LOW HITPOINT WARNING * * *
The black bear barely misses you. The black bear claws you.
* * * LOW HITPOINT WARNING * * *
You hit the black bear. Your kick misses the black bear.
The black bear is almost dead.
The black bear bites you!
* * * LOW HITPOINT WARNING * * *
The black bear claws you.
You die...

.. #.# ..#.......#.#
..#.......#.# #
....._.....## .#
#.......#..##.#
#....=..#.....# .
..... #.#.#####
....####.####....)..#
#...h@).....#.###.#
###.#####.###.# ..
..^# #.# ## ##### #.#
. #.# ###. #.#####...
#.......# ######..#
##### #..#


You could see a black bear (berserk).

Vanquished Creatures
  2 bullfrogs
  3 scorpions
  A hound (D:4)
  A jelly (D:5)
  5 orc priests
  Crazy Yiuf (D:2)
  A gnoll bouda (D:4)
  Terence (D:2)
  4 iguanas
  5 orc wizards
  4 gnolls (D:4)
  9 adders
  A worm (D:3)
  A dart slug (D:4)
  31 orcs
  7 bats
  8 endoplasms
  6 giant cockroaches
  9 hobgoblins
  5 jackals (D:4)
  A quokka (D:2)
  3 ball pythons
  3 frilled lizards
  7 kobolds
  9 rats
128 creatures vanquished.

Notes
Turn   | Place    | Note
-------+----------+-------------------------------------------
     0 | D:1      | IdlyInterested the Demonspawn Wanderer began the quest for
                  | the Orb.
     0 | D:1      | IdlyInterested set off with the following items: a +0 hand
                  | axe, a +2 scale mail, a potion of curing, a scroll of
                  | butterflies.
     0 | D:1      | Reached XP level 1. HP: 16/16 MP: 1/1
   262 | D:1      | Discovered your monstrous ancestry.
   262 | D:1      | Gained mutation: You have a small tail. [demonic ancestry]
   262 | D:1      | Reached XP level 2. HP: 18/22 MP: 2/2
   599 | D:1      | Upgraded the game from 0.30-a0-304-gdc4b735fe1 to
                  | 0.30-a0-310-g7d6cbdfea6
   660 | D:2      | Found a runed translucent door.
   661 | D:2      | Noticed Crazy Yiuf
   678 | D:2      | Found an iron altar of Okawaru.
   925 | D:2      | Reached XP level 3. HP: 16/28 MP: 3/3
  1044 | D:2      | Reached skill level 1 in Stealth
  1240 | D:2      | Noticed Terence
  1262 | D:2      | Killed Terence
  1678 | D:2      | Killed Crazy Yiuf
  1679 | D:2      | Gained mutation: Your touch may inflict minor irresistible
                  | damage on your foes. [demonic ancestry]
  1679 | D:2      | Reached XP level 4. HP: 34/34 MP: 4/4
  2167 | D:3      | Reached skill level 1 in Unarmed Combat
  2213 | D:3      | Noticed a scorpion
  2224 | D:3      | Killed a scorpion
  2225 | D:3      | Gained mutation: Your touch may inflict irresistible damage
                  | on your foes. [demonic ancestry]
  2225 | D:3      | Reached XP level 5. HP: 35/41 MP: 5/5
  2382 | D:3      | Found Fyumar's Magic Scroll Shop.
  2480 | D:3      | Reached XP level 6. HP: 44/47 MP: 6/6
  2631 | D:3      | Found an opulent altar of Gozag.
  2773 | D:3      | Bought a scroll of enchant weapon for 82 gold pieces
  2773 | D:3      | Bought a scroll of blinking for 82 gold pieces
  3158 | D:4      | Found a staircase to the Ecumenical Temple.
  3170 | Temple   | Entered the Ecumenical Temple
  3359 | D:4      | Gained mutation: You have large cloven feet. [demonic
                  | ancestry]
  3359 | D:4      | Reached XP level 7. HP: 48/54 MP: 7/7
  3962 | D:3      | Bought a scroll of identify for 22 gold pieces
  4018 | D:5      | Entered Level 5 of the Dungeon
  4230 | D:5      | Reached skill level 1 in Dodging
  4327 | D:5      | Reached skill level 5 in Axes
  4336 | D:5      | Reached skill level 5 in Fighting
  4472 | D:5      | Found an ornate altar of the Wu Jian Council.
  4603 | D:5      | Reached XP level 8. HP: 61/62 MP: 8/8
  4608 | D:5      | Found a hide-covered altar of Uskayaw.
  4633 | D:5      | HP: 3/62 [black bear (7)]
  4633 | D:5      | Slain by a black bear

Illustrated notes

Levels and vault maps discovered:
D:1:      roderic_octagonal_star, layout_rooms, minmay_tetromino_i4
D:2:      layout_loops_corners, basic_altar, uniq_terence,
          uniq_crazy_yiuf_cottage
D:3:      layout_basic, grunt_gozag_statues, serial_shops, shop_fountains,
          minmay_misc_feat_tiny, st_stairs_2
D:4:      layout_basic, minmay_temple_entry_glassed_door
D:5:      layout_loops_ring, lemuel_round_altar, old_standard_altar,
          eino_small_chamber_without_monster, nicolae_hexahallways
Temple:   hellmonk_temple_beads

Skill      XL: |  1  2  3  4  5  6  7  8 |
---------------+-------------------------+-----
Armour         | 4 |  4.0
Axes           | 3 4 5 |  5.2
Stealth        | 2 |  2.0
Fighting       | 3 4 5 |  5.3
Unarmed Combat | 1 2 3 4 |  4.0
Dodging        | 2 |  2.0
Evocations     | 2 |  2.0

Action                   |  1- 3 |  4- 6 |  7- 9 || total
-------------------------+-------+-------+-------++-------
Melee: Hand axe          |   115 |   107 |       ||   222
       Tailslap          |    10 |    22 |    13 ||    45
       Punch             |     1 |     3 |     6 ||    10
       Touch             |       |    20 |    15 ||    35
       War axe           |       |    54 |   103 ||   157
       Kick              |       |       |    30 ||    30
Throw: Boomerang         |     5 |       |       ||     5
  Use: Scroll            |     2 |     3 |     5 ||    10
       Potion            |     1 |     1 |       ||     2
Armor: Scale mail        |    61 |    85 |    51 ||   197
Dodge: Dodged            |    75 |    83 |    42 ||   200

Table legend: (Time is in decaauts)
 A = Elapsed time spent in this place.
 B = Non-inter-level travel time spent in this place.
 C = Inter-level travel time spent in this place.
 D = Time resting spent in this place.
 E = Time spent auto-exploring this place.
 F = Levels seen in this place.
 G = Mean time per level.
                   A        B        C        D        E       F      G
               +--------+--------+--------+--------+--------+-----+--------+
         Total |   4717 |   4112 |    605 |    295 |   2622 |   6 |  786.2 |
       Dungeon |   4551 |   4018 |    533 |    295 |   2541 |   5 |  910.2 |
        Temple |    166 |     94 |     72 |      0 |     81 |   1 |  166.0 |
               +--------+--------+--------+--------+--------+-----+--------+

Top non-repeatable levels by time:
     D:2: 1256 daAuts
     D:3: 1064 daAuts
     D:4: 1059 daAuts
     D:1: 645 daAuts
     D:5: 526 daAuts
  Temple: 166 daAuts
